 Dungeon Crawl Stone Soup version 0.21-a0-50-g941c862 (webtiles) character file.

2212 KristoblXynda the Spear-Bearer (level 9, 0/67 HPs)
             Began as a Centaur Gladiator on June 10, 2017.
             Was an Initiate of Ashenzari.
             Slain by a gnoll
             ... wielding a cursed -1 halberd
              (7 damage)
             ... on level 7 of the Dungeon on June 11, 2017.
             The game lasted 00:18:48 (8445 turns).

KristoblXynda the Spear-Bearer (Centaur Gladiator)  Turns: 8445, Time: 00:18:49

Health: 0/67       AC: 21    Str: 18      XL:     9   Next: 13%
Magic:  9/9        EV:  9    Int:  9      God:    Ashenzari [......]
Gold:   307        SH:  4    Dex: 10 (11) Spells: 8/8 levels left

rFire    + . .     SeeInvis .   h - +4 trident (protect) (curse)
rCold    . . .     Gourm    .   m - +0 buckler
rNeg     . . .     Faith    .   w - +3 ring mail {rF+}
rPois    .         Spirit   .   c - +1 helmet
rElec    .         Reflect  .   i - +0 cloak
rCorr    +         Harm     .   a - +0 pair of gloves
MR       .....                  (no barding)
Stlth    ..........             (no amulet)
Regen    0.3/turn               n - ring of wizardry (curse)
MPRegen  0.2/turn               t - ring of resist corrosion

@: protection aura, very quick
A: hooves 3, deformed body, speed 2, tough skin 3
a: Curse Item, Renounce Religion


You were on level 7 of the Dungeon.
You worshipped Ashenzari.
Ashenzari was noncommittal.
You were not hungry.

You visited 2 branches of the dungeon, and saw 8 of its levels.

You collected 374 gold pieces.
You spent 67 gold pieces at shops.

Inventory:

Hand Weapons
 h - a cursed +4 trident of protection (weapon)
Missiles
 d - 3 throwing nets (quivered)
Armour
 a - a +0 pair of gloves (worn)
 c - a +1 helmet (worn)
 i - a +0 cloak (worn)
 m - a +0 buckler (worn)
 w - a +3 ring mail of fire resistance (worn)
Jewellery
 n - a cursed ring of wizardry (left hand)
 t - a ring of resist corrosion (right hand)
Scrolls
 e - a scroll of identify
 l - a scroll of remove curse
 q - a scroll of blinking
 r - 3 scrolls of amnesia
 x - a scroll of enchant armour
 y - a scroll of summoning
Potions
 b - a potion of brilliance
 j - a potion of flight
 k - 2 potions of haste
 o - 2 potions of cancellation
 p - a potion of might
 s - a potion of mutation
 u - a potion of invisibility
 A - a potion of heal wounds
Books
 z - a book of Geomancy

   Spells                             Type                      Level
   a - Sandblast                      Earth                        1
   b - Passwall                       Transmutation/Earth          2
   c - Stone Arrow                    Conjuration/Earth            3
   d - Petrify                        Transmutation/Earth          4
   e - Lee's Rapid Deconstruction     Earth                        5
Comestibles
 f - 5 bread rations


   Skills:
 - Level 2.0 Fighting
 + Level 8.5 Polearms
 - Level 2.1 Throwing
 + Level 4.7 Armour
 - Level 3.3 Dodging
 + Level 2.9 Shields


You had 8 spell levels left.
You didn't know any spells.

Dungeon Overview and Level Annotations

Branches:
Dungeon (7/15)             Temple (1/1) D:7

Altars:
Ashenzari
Cheibriados
Dithmenos
Fedhas
Gozag
Hepliaklqana
Kikubaaqudgha
Makhleb
Nemelex Xobeh
Okawaru
Qazlal
Ru
Sif Muna
Trog
Uskayaw
Vehumet
Wu Jian
Xom
Yredelemnul
Zin
The Shining One

Shops:
D:5 !   D:7 **=}*

Annotations:
D:3 Roxy's ghost, amateur DEFE
D:4 TotoDurand's ghost, amateur DrMo


Innate Abilities, Weirdness & Mutations

You have hooves in place of feet.
Armour fits poorly on your strangely shaped body.
You cover ground very quickly.
You have extremely tough skin. (AC +3)


Message History

The gnoll hits you with a halberd.
* * * LOW HITPOINT WARNING * * *
You barely miss the gnoll. You kick the gnoll, but do no damage.
The gnoll is severely wounded.
You barely miss the gnoll. You kick the gnoll.
The gnoll is severely wounded.
The gnoll completely misses you.
You hit the gnoll but do no damage. You kick the gnoll, but do no damage.
The gnoll is severely wounded.
The gnoll hits you with a halberd.
* * * LOW HITPOINT WARNING * * *
You barely miss the gnoll. Your kick misses the gnoll.
The gnoll is severely wounded.
The gnoll hits you but does no damage.
You hit the gnoll.
The gnoll is almost dead.
You closely miss the gnoll.
The gnoll is almost dead.
The gnoll hits you with a halberd!
You die...

#.#####.#####...##*.
#.# #........## #.
#.# ########.# #.
##.## #.# *. #...#
##'## ** #.#.#
##...## #...###
##.....## ###g#.##
##.......##
#.@..####........<#
#.......+.........'
#....####........)#
#.#.## ##..∩....##
####.#### ##.....##
#.......# ####...##
#.##.##.# #.....##
#,*#.##.# #..⌠..#
*,*#.##.# #.....##
##


You could see a gnoll.

Vanquished Creatures
  Sigmund (D:6)
  4 ice beasts
  An orc warrior (D:6)
  2 phantoms
  An ogre (D:5)
  A centaur (D:4)
  2 bullfrogs (D:6)
  A gnoll sergeant (D:7)
  A scorpion (D:7)
  5 electric eels (D:7)
  4 crimson imps
  2 orc priests
  A quasit (D:7)
  2 bullfrog zombies
  5 hounds
  2 orc wizards (D:4)
  A worker ant (D:7)
  A howler monkey zombie (D:5)
  10 gnolls
  8 adders
  2 shadow imps
  An adder zombie (D:6)
  2 adder skeletons (D:7)
  A worm (D:5)
  2 dart slugs
  7 leopard geckos
  14 orcs
  6 bats
  6 giant cockroaches
  5 goblins
  8 hobgoblins
  19 jackals
  8 kobolds
  3 quokkas
  4 ball pythons
  4 frilled lizards
  A jackal zombie (D:5)
  A leopard gecko skeleton (D:5)
  A quokka zombie (D:6)
  7 rats
157 creatures vanquished.

Vanquished Creatures (others)
  4 orcs (D:7)
4 creatures vanquished.

Grand Total: 161 creatures vanquished

Notes
Turn   | Place    | Note
-------+----------+-------------------------------------------
     0 | D:1      | KristoblXynda the Centaur Gladiator began the quest for the Orb.
     0 | D:1      | Reached XP level 1. HP: 17/17 MP: 1/1
   125 | D:1      | Reached XP level 2. HP: 24/24 MP: 2/2
   243 | D:1      | Reached skill level 3 in Polearms
   820 | D:2      | Found a hide-covered altar of Uskayaw.
   947 | D:2      | Reached XP level 3. HP: 28/29 MP: 3/3
  1125 | D:2      | Reached XP level 4. HP: 21/36 MP: 4/4
  1968 | D:3      | Reached skill level 4 in Polearms
  2077 | D:3      | Found a glowing silver altar of Zin.
  2175 | D:3      | Noticed Roxy's ghost (amateur DEFE)
  2225 | D:4      | Reached XP level 5. HP: 11/41 MP: 5/5
  2761 | D:4      | Noticed an orc warrior
  2772 | D:4      | Upgraded the game from 0.21-a0-49-g7bf2ba4 to 0.21-a0-50-g941c862
  2845 | D:4      | Reached skill level 1 in Armour
  2857 | D:4      | Noticed TotoDurand's ghost (amateur DrMo)
  3076 | D:4      | Reached skill level 5 in Polearms
  3076 | D:4      | Reached XP level 6. HP: 38/48 MP: 6/6
  3835 | D:5      | Entered Level 5 of the Dungeon
  3835 | D:5      | Found Meprado's Distillery.
  4064 | D:5      | Reached XP level 7. HP: 48/55 MP: 7/7
  4111 | D:5      | Found a glowing drain.
  4200 | D:5      | Reached skill level 6 in Polearms
  4709 | D:6      | Noticed Sigmund
  4728 | D:6      | Killed Sigmund
  4728 | D:6      | Reached skill level 7 in Polearms
  4833 | D:6      | Reached XP level 8. HP: 39/61 MP: 8/8
  5126 | D:6      | Found a shimmering altar of Xom.
  5262 | D:6      | Reached skill level 1 in Shields
  6316 | D:6      | Reached skill level 8 in Polearms
  6527 | D:7      | Found a glowing golden altar of the Shining One.
  6555 | D:7      | Found Guopt's Assorted Antiques.
  6566 | D:7      | Found a staircase to the Ecumenical Temple.
  6586 | Temple   | Entered the Ecumenical Temple
  6832 | Temple   | Became a worshipper of Ashenzari the Shackled
  7139 | D:7      | Found Fumn's General Store.
  7144 | D:7      | Bought a scroll of remove curse for 39 gold pieces
  7209 | D:7      | Found Goskaeg's Gadget Shoppe.
  7240 | D:7      | Found Ubill's Assorted Antiques.
  7249 | D:7      | Bought a scroll labeled KAPIAFEDEA for 28 gold pieces
  7306 | D:7      | Reached XP level 9. HP: 67/67 MP: 9/9
  7337 | D:7      | Found Roezekos's Jewellery Boutique.
  8445 | D:7      | Slain by a gnoll

Vault maps used:
D:1:      saegor_arrival_simple_d, serial_park_tiny_pond
D:2:      nicolae_overflow_hidden_temple
D:3:      kennysheep_goblin_castle, zin_academy, hex_tiny
D:4:      first_bread, guppyfry_early_orc_mine
D:5:      serial_shops, shop, gup_sewer_entry_spiral
D:6:      basic_altar, roderic_roman_lattice, uniq_sigmund
D:7:      overflow_temple_1_default, temple_fountains, serial_shops, shop, shop,
          nicolae_shop_temple_entry_statues_fountains, shop, shop,
          kennysheep_boxes
Temple:   dpeg_five_rooms_temple

Skill      XL: |  1  2  3  4  5  6  7  8 |
---------------+-------------------------+-----
Polearms       | 3 4 5 7 8 |  8.5
Dodging        | 3 |  3.3
Armour         | 1 2 3 4 |  4.7
Shields        | 2 |  2.9
Fighting       | |  2.0
Throwing       | |  2.1

Action                   |  1- 3 |  4- 6 |  7- 9 || total
-------------------------+-------+-------+-------++-------
Melee: Trident           |    85 |   219 |   334 ||   638
       Kick              |    15 |    36 |    64 ||   115
Invok: Curse Item        |       |       |     2 ||     2
  Use: Scroll            |     5 |    10 |     6 ||    21
       Potion            |     1 |     8 |     1 ||    10
  Eat: Chunk             |       |     2 |     3 ||     5
       Meat ration       |       |     1 |     1 ||     2
       Bread ration      |       |     1 |       ||     1
       Royal jelly       |       |       |     1 ||     1
       Fruit             |       |       |     1 ||     1
Armor: Leather armour    |    22 |   106 |    33 ||   161
       Ring mail         |       |       |    85 ||    85
Dodge: Dodged            |    41 |   113 |   150 ||   304
Block: Buckler           |       |       |    33 ||    33
